 Dungeon Crawl Stone Soup version 0.26-a0-812-g31a745ddcd (webtiles) character file.

Game seed: 159634787705040893

6 marky1606 the Magician (level 1, 0/14 HPs)
             Began as a Demonspawn Wanderer on Nov 14, 2020.
             Slain by a goblin
             ... wielding a +2 dagger of holy wrath
              (3 damage)
             ... on level 1 of the Dungeon.
             The game lasted 00:02:20 (561 turns).

marky1606 the Magician (Demonspawn Wanderer)         Turns: 561, Time: 00:02:21

Health: 0/14       AC:  2    Str: 10    XL:     1   Next: 75%
Magic:  4/4        EV: 11    Int: 16    God:
Gold:   0          SH:  0    Dex: 11    Spells: 5/6 levels left

rFire    . . .     SeeInvis .   a - +0 dagger
rCold    . . .     Faith    .   (no shield)
rNeg     . . .     Spirit   .   d - +0 robe
rPois    .         Reflect  .   (no helmet)
rElec    .         Harm     .   (no cloak)
rCorr    .         Rampage  .   (no gloves)
MR       .....                  (no boots)
Stlth    ++........             (no amulet)
HPRegen  0.04/turn              (no ring)
MPRegen  0.09/turn              (no ring)

@: no status effects
A: no striking features
a: no special abilities


You were on level 1 of the Dungeon.
You visited 1 branch of the dungeon, and saw 1 of its levels.

Inventory:

Hand Weapons
 a - a +0 dagger (weapon)
Armour
 d - a +0 robe (worn)
Scrolls
 f - a scroll of amnesia {unknown}
 g - a scroll of magic mapping {unknown}
Potions
 b - a potion of curing
 c - a potion of lignification
 e - a potion of brilliance {unknown}


   Skills:
 * Level 0.4 Fighting
 * Level 1.1 Short Blades
 * Level 0.3 Armour
 * Level 0.3 Dodging
 - Level 2.6 Stealth
   Level 1.0 Shields
 - Level 3.0 Spellcasting
   Level 1.0 Hexes
   Level 1.0 Ice Magic


You had 5 spell levels left.
You knew the following spells:

 Your Spells              Type           Power        Failure   Level
a - Magic Dart            Conj           #...         19%         1

Your spell library contained the following spells:

 Spells                   Type           Power        Failure   Level
 Slow                     Hex            #.......     19%         2
 Blink                    Tloc           N/A          28%         2
 Call Imp                 Summ           #.......     28%         2
 Conjure Flame            Conj/Fire      #.......     50%         3
 Mephitic Cloud           Conj/Pois/Air  #.......     50%         3


Dungeon Overview and Level Annotations

Branches:
Dungeon (1/15)

Altars:


Message History

You closely miss the goblin.
The goblin is severely wounded.
The goblin hits you with a +2 dagger of holy wrath.
You convulse.
The goblin misses you.
You hit the goblin.
You kill the goblin!
The goblin hits you but does no damage. The goblin closely misses you.
You barely miss the goblin.
The goblin hits you with a +2 dagger of holy wrath.
You convulse.
You closely miss the goblin. The goblin hits you but does no damage.
You hit the goblin but do no damage. You barely miss the goblin.
The goblin misses you.
You hit the goblin.
The goblin is heavily wounded.
The goblin hits you with a +2 dagger of holy wrath.
* * * LOW HITPOINT WARNING * * *
You convulse.
You die...

#.###########(#
#..............
#...).....#
#.###.#######.#
#....g........
###########g#######.
..........#@#
#########.#.#######
#.....).†.......
#.####.#.####### #.
#.#.# ####.####.#.#
+...........##
####.#>..........)
#....#.####.#.....


You could see a hobgoblin and a goblin.

Vanquished Creatures
  2 goblins (D:1)
  A frilled lizard (D:1)
  2 kobolds (D:1)
  2 rats (D:1)
7 creatures vanquished.

Notes
Turn   | Place    | Note
-------+----------+-------------------------------------------
     0 | D:1      | marky1606 the Demonspawn Wanderer began the quest for the
                  | Orb.
     0 | D:1      | marky1606 set off with the following items: a +0 dagger, a
                  | potion of curing, a potion of lignification, a +0 robe; and
                  | the following spell memorised: Magic Dart; and the
                  | following spells available to memorise: Slow, Blink, Call
                  | Imp, Conjure Flame, Mephitic Cloud
     0 | D:1      | Reached XP level 1. HP: 13/13 MP: 4/4
   561 | D:1      | Slain by a goblin

Illustrated notes

Levels and vault maps discovered:
D:1:      dpeg_arrival_arbitrary_b, layout_basic, minmay_worlds_worst_comb

Action                   || total
-------------------------++-------
Melee: Dagger            ||    26
 Stab: Sleeping          ||     1
Armor: Robe              ||     2
Dodge: Dodged            ||    12

Table legend: (Time is in decaauts)
 A = Elapsed time spent in this place.
 B = Non-inter-level travel time spent in this place.
 C = Inter-level travel time spent in this place.
 D = Time resting spent in this place.
 E = Time spent auto-exploring this place.
 F = Levels seen in this place.
 G = Mean time per level.
                   A        B        C        D        E       F      G
               +--------+--------+--------+--------+--------+-----+--------+
         Total |    559 |    557 |      2 |    425 |     16 |   1 |  559.0 |
       Dungeon |    559 |    557 |      2 |    425 |     16 |   1 |  559.0 |
               +--------+--------+--------+--------+--------+-----+--------+

Top non-repeatable levels by time:
     D:1: 559 daAuts
